 Dungeon Crawl Stone Soup version 0.14-a0-2950-gbe29d66 (webtiles) character file.

1245 tizzy the Basher (level 8, -1/88 HPs)
             Began as an Ogre Fighter on Mar 4, 2014.
             Killed from afar by Blork the orc (3 damage)
             ... with a wand of magic darts
             ... on Level 5 of the Dungeon.
             The game lasted 00:14:18 (6735 turns).

tizzy the Basher (Ogre Fighter)                     Turns: 6735, Time: 00:14:18

HP  -1/88        AC  8     Str 22      XL: 8   Next: 25%
MP   8/8         EV  8     Int  9      God:
Gold 200         SH 17     Dex  9      Spells:  0 memorised,  7 levels left

rFire  . . .     SeeInvis .     o - +2,+0 flail
rCold  . . .     Clarity  .     r - +2 orc robe
rNeg   . . .     Conserve .     c - +0 shield (curse)
rPois  .         rCorr    .     (helmet restricted)
rElec  .         rRot     .     h - +2 cloak
SustAb . .       Spirit   .     (gloves unavailable)
rMut   .         Warding  .     (boots unavailable)
Saprov + . .     Stasis   .     (no amulet)
MR     .....                    (no ring)
                                (no ring)

@: not resistant to hostile enchantments, very unstealthy
A: unfitting armour, fast metabolism 1, saprovore 1, tough skin 1
a: no special abilities


You were on level 5 of the Dungeon.
You were not hungry.

You visited 1 branch of the dungeon, and saw 6 of its levels.

You collected 200 gold pieces.

Inventory:

Hand weapons
 a - a +0,+0 mace
 o - a +2,+0 flail (weapon)
Missiles
 e - 3 large rocks (quivered)
Armour
 c - a cursed +0 shield (worn)
 h - a +2 cloak (worn)
 r - a +2 orcish robe (worn)
Magical devices
 l - a wand of fire (0)
Comestibles
 d - 2 meat rations
 g - a chunk of adder flesh
 i - a rotting chunk of giant frog flesh
 j - a chunk of giant cockroach flesh
 k - a pear
 m - 3 chunks of worker ant flesh
 n - a bread ration
 v - a choko
Scrolls
 f - 5 scrolls of identify
Jewellery
 b - an uncursed ring of ice
Potions
 p - 2 potions of brilliance
 s - a potion of paralysis


   Skills:
 + Level 8.1 Fighting
 * Level 10.3 Maces & Flails
 - Level 2.6 Dodging
 - Level 2.6 Shields


You had 7 spell levels left.
You didn't know any spells.

Dungeon Overview and Level Annotations

Branches:
Dungeon (6/16)
 Temple: D:4-7

Altars:
Fedhas
Trog
Vehumet

Annotations:
D:5 Blork the orc, Grinder, Pikel


Innate Abilities, Weirdness & Mutations

You are too large for most types of armour.
You have a fast metabolism.
You can tolerate rotten meat.
You have tough skin (AC +1).


Message History

Grinder hits you.
* * * LOW HITPOINT WARNING * * *
Blork the orc hits you with a whip of venom.
* * * LOW HITPOINT WARNING * * *
You hit Blork the orc.
Blork the orc is moderately wounded.
Grinder gestures at you. You resist.
Blork the orc zaps a wand.
The magic dart hits you!
* * * LOW HITPOINT WARNING * * *
Unknown command.
Drink which item? (? for menu, Esc to quit)
Okay, then.
Evoke which item? (* to show all) (? for menu, Esc to quit)
Okay, then.
Read which item? (? for menu, Esc to quit)
Okay, then.
You hit Blork the orc.
Blork the orc is heavily wounded.
Blork the orc zaps a wand.
The magic dart hits you!
You die...

#.. ##. #..... ##
#.....# #.....
#.... #... # #o. .
#o# # #@# #....
#5# #....# #(#
#....# #.#
#....##### #.#
#.........
#.#######........
#.............####
#.......(.....#...
#........(....'...


You could see Grinder, Blork the orc and an orc.

Vanquished Creatures
  Menkaure (D:5)
  A giant frog (D:4)
  A water moccasin (D:5)
  A goliath beetle (D:5)
  Crazy Yiuf (D:2)
  5 orc wizards
  6 worker ants
  5 orc priests
  An iguana (D:4)
  Ijyb (D:4)
  Jessica (D:3)
  A hound skeleton (D:5)
  4 gnolls
  9 adders
  A giant mite (D:2)
  A worm (D:3)
  An iguana skeleton (D:5)
  An orc skeleton (D:6)
  3 giant geckos
  20 orcs
  2 ball pythons
  4 giant cockroaches
  8 goblins
  8 hobgoblins
  7 jackals
  A quokka (D:2)
  4 bats
  3 giant newts
  A goblin skeleton (D:4)
  11 kobolds
  A kobold skeleton (D:4)
  An orc zombie (D:5)
  13 rats
129 creatures vanquished.

Notes
Turn   | Place    | Note
--------------------------------------------------------------
     0 | D:1      | tizzy, the Ogre Fighter, began the quest for the Orb.
     0 | D:1      | Reached XP level 1. HP: 24/24 MP: 1/1
   428 | D:2      | Reached XP level 2. HP: 32/32 MP: 2/2
   473 | D:2      | Found a radiant altar of Vehumet.
   828 | D:2      | Reached XP level 3. HP: 36/40 MP: 3/3
   860 | D:2      | Found a blossoming altar of Fedhas.
  1004 | D:2      | Noticed Crazy Yiuf
  1017 | D:2      | Killed Crazy Yiuf
  1017 | D:2      | Reached skill level 5 in Maces & Flails
  1017 | D:2      | Reached XP level 4. HP: 26/49 MP: 2/4
  1734 | D:2      | Reached skill level 5 in Fighting
  1911 | D:3      | Reached XP level 5. HP: 14/57 MP: 5/5
  2168 | D:3      | Noticed Jessica
  2190 | D:3      | Killed Jessica
  2190 | D:3      | Reached skill level 6 in Maces & Flails
  2940 | D:4      | Noticed Ijyb
  3148 | D:3      | Reached XP level 6. HP: 38/67 MP: 6/6
  3311 | D:3      | Reached skill level 7 in Maces & Flails
  4463 | D:4      | Reached skill level 8 in Maces & Flails
  4506 | D:4      | Killed Ijyb
  4506 | D:4      | Reached XP level 7. HP: 54/76 MP: 7/7
  4573 | D:4      | Found a bloodstained altar of Trog.
  4775 | D:5      | Entered Level 5 of the Dungeon
  5537 | D:5      | Noticed Menkaure
  5547 | D:5      | Killed Menkaure
  5547 | D:5      | Reached skill level 9 in Maces & Flails
  6400 | D:5      | Noticed Pikel
  6424 | D:4      | Reached XP level 8. HP: 63/88 MP: 8/8
  6628 | D:5      | Reached skill level 10 in Maces & Flails
  6707 | D:5      | Noticed Grinder
  6712 | D:5      | Noticed Blork the orc
  6721 | D:5      | Paralysed by a potion of paralysis for 3 turns
  6733 | D:5      | HP: 4/88 [Grinder (6)]
  6735 | D:5      | Killed from afar by Blork the orc

Action                   |  1- 3 |  4- 6 |  7- 9 || total
-------------------------+-------+-------+-------++-------
Melee: Mace              |    92 |    73 |       ||   165
       Flail             |       |   140 |   216 ||   356
Throw: Large rock        |     2 |     2 |    11 ||    15
  Use: Potion            |       |     3 |     1 ||     4
       Scroll            |       |       |     7 ||     7
